 Dungeon Crawl Stone Soup version 0.28.0-53-g5a82cb258f (webtiles) character file.

Game seed: 6654929118646248281

158 issech the Chopper (level 5, -2/46 HPs)
             Began as a Minotaur Monk on June 19, 2022.
             Killed from afar by Blork the orc (7 damage)
             ... with a magic dart
             ... on level 4 of the Dungeon.
             The game lasted 00:06:49 (3118 turns).

issech the Chopper (Minotaur Monk)                  Turns: 3118, Time: 00:06:51

Health: -2/46      AC:  7    Str: 16    XL:     5   Next: 16%
Magic:  4/4        EV: 10    Int:  7    God:
Gold:   116        SH:  7    Dex: 14    Spells: 4/4 levels left

rFire   . . .      SeeInvis .   w - +0 morningstar
rCold   + . .      Faith    .   g - +0 kite shield
rNeg    . . .      Spirit   .   l - +0 ring mail
rPois   .          Reflect  .   (helmet restricted)
rElec   .          Harm     .   (no cloak)
rCorr   .          Rampage  .   z - +0 pair of gloves
Will    .....                   o - +0 pair of boots
Stlth   +.........              (no amulet)
HPRegen 0.15/turn               B - ring of protection from cold
MPRegen 0.09/turn               (no ring)

@: no status effects
A: horns 2, retaliatory headbutt
a: no special abilities


You were on level 4 of the Dungeon.
You visited 1 branch of the dungeon, and saw 4 of its levels.

You collected 116 gold pieces.

Inventory:

Hand Weapons
 a - a +0 hand axe
 r - a +0 hunting sling
 w - a +0 morningstar (weapon)
 y - a +0 longbow
 A - a +1 dagger of venom
Missiles
 e - 49 arrows
 i - 82 stones (quivered)
 t - 20 sling bullets
Armour
 g - a +0 kite shield (worn)
 l - a +0 ring mail (worn)
 o - a +0 pair of boots (worn)
 x - a +0 leather armour of fire resistance
 z - a +0 pair of gloves (worn)
Jewellery
 B - a ring of protection from cold (left hand)
Wands
 s - a wand of iceblast (8)
Scrolls
 d - a scroll of fog {unknown}
 f - a scroll of teleportation {unknown}
 h - a scroll of immolation {unknown}
 k - a scroll of magic mapping {unknown}
 m - 2 scrolls of amnesia {unknown}
 q - a scroll of fear {unknown}
 u - a scroll of identify {unknown}
 v - a scroll of blinking {unknown}
Potions
 b - 2 potions of heal wounds {unknown}
 c - 3 potions of resistance {unknown}
 j - 2 potions of haste {unknown}
 n - a potion of might {unknown}
 p - a potion of curing {unknown}


   Skills:
 + Level 4.1 Fighting
 + Level 5.3(5.4) Axes
 + Level 0.8(3.4) Maces & Flails
 + Level 2.0 Armour
 + Level 4.0 Dodging
 + Level 1.9 Stealth
 + Level 1.0 Shields


You had 4 spell levels left.
You didn't know any spells.
Your spell library was empty.

Dungeon Overview and Level Annotations

Branches:
Dungeon (4/15)
 Temple: D:4-7

Altars:
Cheibriados
Dithmenos
Okawaru
The Shining One

Annotations:
D:4 Blork the orc


Innate Abilities, Weirdness & Mutations

You have a pair of horns on your head.
You reflexively headbutt those who attack you in melee.


Message History

Blork the orc is moderately wounded.
Blork the orc barely misses you. The quokka bites you.
Blork the orc gestures at you while chanting.
The magic dart hits you.
You closely miss Blork the orc. Your headbutt misses Blork the orc.
Blork the orc is lightly wounded.
Blork the orc barely misses you. You block the quokka's attack.
Blork the orc completely misses you. You block the quokka's attack.
You closely miss Blork the orc. Your headbutt misses Blork the orc.
Blork the orc is lightly wounded.
Blork the orc barely misses you.
The quokka bites you but does no damage.
Blork the orc hits you with a +0 dire flail!
The quokka completely misses you. Blork the orc barely misses you.
You closely miss Blork the orc.
Blork the orc is lightly wounded.
Blork the orc barely misses you. You block the quokka's attack.
Blork the orc hits you with a +0 dire flail!
* * * LOW HITPOINT WARNING * * *
You block the quokka's attack.
You sock Blork the orc!
Blork the orc is heavily wounded.
Blork the orc looks braver for a moment.
The quokka bites you but does no damage.
Blork the orc closely misses you. The quokka barely misses you.
You barely miss Blork the orc.
Blork the orc is heavily wounded.
Blork the orc hits you with a +0 dire flail!
* * * LOW HITPOINT WARNING * * *
The quokka completely misses you. Blork the orc closely misses you.
You block the quokka's attack.
You sock Blork the orc!
Blork the orc is severely wounded.
Blork the orc barely misses you.
Blork the orc points at you and mumbles some strange words.
The puff of flame misses you.
The quokka bites you but does no damage.
Blork the orc points at you and mumbles some strange words.
The magic dart hits you!
You die...

.........####
............###.
................
...............
...........(. #
...........# ..
#........r#####
..#
#......o@#...#..##
#.####...........#
###.........#
#...####... #...#
##..# #..# #..##
### #...####.###


You could see Blork the orc (fast) and a quokka.

Vanquished Creatures
  An orc wizard (D:3)
  Robin (D:2)
  2 adders
  3 dart slugs
  7 orcs (D:3)
  3 bats
  7 endoplasms
  3 giant cockroaches
  17 goblins
  15 hobgoblins
  2 jackals (D:2)
  3 quokkas
  3 ball pythons
  3 frilled lizards
  9 kobolds
  2 rats (D:1)
81 creatures vanquished.

Notes
Turn   | Place    | Note
-------+----------+-------------------------------------------
     0 | D:1      | issech the Minotaur Monk began the quest for the Orb.
     0 | D:1      | Reached XP level 1. HP: 19/19 MP: 0/0
   293 | D:1      | Reached skill level 4 in Axes
   378 | D:1      | Reached XP level 2. HP: 27/27 MP: 1/1
  1336 | D:2      | Reached XP level 3. HP: 26/33 MP: 2/2
  1625 | D:2      | Reached skill level 1 in Armour
  1660 | D:2      | Found a faded altar of an unknown god.
  2095 | D:2      | Noticed Robin
  2098 | D:2      | Reached XP level 4. HP: 40/40 MP: 3/3
  2108 | D:2      | Killed Robin
  2268 | D:3      | Found a shadowy altar of Dithmenos.
  2270 | D:3      | Found a snail-covered altar of Cheibriados.
  2348 | D:3      | Found a glowing golden altar of the Shining One.
  2353 | D:3      | Found an iron altar of Okawaru.
  2579 | D:3      | Reached skill level 5 in Axes
  2860 | D:3      | Reached XP level 5. HP: 46/46 MP: 4/4
  3099 | D:4      | Reached skill level 1 in Shields
  3104 | D:4      | Noticed Blork the orc
  3118 | D:4      | Killed from afar by Blork the orc

Illustrated notes

Levels and vault maps discovered:
D:1:      dpeg_arrival_boxes_within_box, layout_loops_ring,
          amcnicky_mini_pool_small
D:2:      layout_basic, ebering_ecumenical_altar_rust, uniq_robin
D:3:      layout_loops_cross, nicolae_overflow_hidden_temple, skrybe_limestone_x
D:4:      layout_layer_cave, minmay_ruptured, uniq_pikel, uniq_blork_the_orc

Skill      XL: |  1  2  3  4  5 |
---------------+----------------+-----
Axes           | 4 5 |  5.3
Fighting       | 4 |  4.1
Armour         | 1 2 |  2.0
Dodging        | 4 |  4.0
Shields        | 1 |  1.0
Maces & Flails | |  0.8
Stealth        | |  1.9

Action                   |  1- 3 |  4- 6 || total
-------------------------+-------+-------++-------
Melee: Hand axe          |   104 |    49 ||   153
       Headbutt          |    13 |     9 ||    22
       Morningstar       |       |    33 ||    33
Throw: Stone             |     1 |     1 ||     2
 Stab: Sleeping          |       |     1 ||     1
Armor: Robe              |     3 |       ||     3
       Leather armour    |     5 |       ||     5
       Ring mail         |    18 |    39 ||    57
Dodge: Dodged            |    54 |    43 ||    97
Block: Kite shield       |    31 |    38 ||    69
